 Dungeon Crawl Stone Soup version 0.27.1 (webtiles) character file.

Game seed: 16656151681946420613

63 Rickety the Skirmisher (level 3, -5/31 HPs)
             Began as a Palentonga Fighter on Aug 27, 2021.
             Slain by Sigmund (8 damage)
             ... on level 3 of the Dungeon.
             The game lasted 00:03:28 (2142 turns).

Rickety the Skirmisher (Palentonga Fighter)         Turns: 2142, Time: 00:03:29

Health: -5/31      AC:  6    Str: 20    XL:     3   Next: 87%
Magic:  3/3        EV:  5    Int:  8    God:
Gold:   33         SH:  8    Dex:  9    Spells: 2/2 levels left

rFire    . . .     SeeInvis +   a - +0 flail
rCold    . . .     Faith    .   c - +0 kite shield
rNeg     . . .     Spirit   .   b - +0 scale mail
rPois    .         Reflect  .   (no helmet)
rElec    .         Harm     .   (no cloak)
rCorr    .         Rampage  .   (no gloves)
Will     .....                  (no barding)
Stlth    ..........             (no amulet)
HPRegen  0.10/turn              (no ring)
MPRegen  0.08/turn              (no ring)

@: attractive
A: large, rugged brown scales 3, see invisible, deformed body, roll 1, armoured
tail
a: Rolling Charge


You were on level 3 of the Dungeon.
You visited 1 branch of the dungeon, and saw 3 of its levels.

You collected 33 gold pieces.

Inventory:

Hand Weapons
 a - a +0 flail (weapon)
 l - a +1 dagger of speed
Armour
 b - a +0 scale mail (worn)
 c - a +0 kite shield (worn)
Magical Staves
 g - a staff of earth
Scrolls
 f - 2 scrolls of immolation {unknown}
 h - a scroll of enchant armour {unknown}
 j - a scroll of identify {unknown}
 k - 2 scrolls of magic mapping {unknown}
Potions
 d - a potion of might
 e - 2 potions of heal wounds {unknown}
 i - a potion of attraction


   Skills:
 + Level 3.6 Fighting
 + Level 2.8 Maces & Flails
 + Level 2.7 Armour
 + Level 0.1 Dodging
 + Level 2.8 Shields


You had 2 spell levels left.
You didn't know any spells.
Your spell library was empty.

Dungeon Overview and Level Annotations

Branches:
Dungeon (3/15)

Altars:

Annotations:
D:3 Sigmund


Innate Abilities, Weirdness & Mutations

You are completely covered in rugged brown scales. (AC +3, +7% HP)
You have supernaturally acute eyesight. (SInv)
Armour fits poorly on your strangely shaped body.
You can roll at nearby foes to attack.
You have a long armoured tail.


Message History

You kill the jackal!
No target in view!
HP restored.
There is a stone staircase leading down here.
The jackal barks!
You closely miss the jackal.
The jackal bites you but does no damage.
You block the jackal's attack.
Sigmund the Dreaded comes into view.
He is wielding a +0 scythe.
You sock the jackal!
You kill the jackal!
You see here a jackal corpse.
Sigmund barely misses you.
You hit Sigmund.
Your tail-slap misses Sigmund.
Sigmund is lightly wounded.
Sigmund hits you with a +0 scythe!
You hit Sigmund.
You tail-slap Sigmund, but do no damage.
Sigmund is moderately wounded.
You block Sigmund's attack.
You closely miss Sigmund.
Your tail-slap misses Sigmund.
Sigmund is moderately wounded.
Sigmund barely misses you.
You completely miss Sigmund.
You tail-slap Sigmund, but do no damage.
Sigmund is moderately wounded.
Sigmund closely misses you.
You hit Sigmund but do no damage.
Sigmund is moderately wounded.
Sigmund hits you with a +0 scythe!
You are too injured to fight recklessly!
You are too injured to fight recklessly!
You hit Sigmund.
Sigmund is heavily wounded.
Sigmund hits you with a +0 scythe!
* * * LOW HITPOINT WARNING * * *
It was a potion of attraction.
You feel attractive to monsters. Sigmund hits you with a +0 scythe!
You die...

#....... #......
##.....# ......#
## #.....# ##.
###..#.....#....
........@...#
#..# ##@..# #..
##..###
#..##†.##
#.....## #.#.###
#.#.# ##.#.#
##.>..# #...###


You could see Sigmund.

Vanquished Creatures
  An adder (D:2)
  2 dart slugs (D:1)
  2 endoplasms (D:1)
  5 goblins (D:1)
  2 hobgoblins
  10 jackals
  3 kobolds
  A quokka (D:2)
  4 ball pythons
  5 bats (D:1)
  A frilled lizard (D:2)
  8 rats
44 creatures vanquished.

Notes
Turn   | Place    | Note
-------+----------+-------------------------------------------
     0 | D:1      | Rickety the Palentonga Fighter began the quest for the Orb.
     0 | D:1      | Reached XP level 1. HP: 19/19 MP: 1/1
    68 | D:1      | Reached XP level 2. HP: 12/25 MP: 2/2
   337 | D:1      | Found a faded altar of an unknown god.
   700 | D:1      | Reached XP level 3. HP: 31/31 MP: 3/3
  2131 | D:3      | Noticed Sigmund
  2142 | D:3      | Slain by Sigmund

Illustrated notes

Levels and vault maps discovered:
D:1:      arrival_zaba_pyramid, layout_loops_ring,
          chequers_ecumenical_altar_lobes
D:2:      layout_basic
D:3:      minmay_spotlight, layout_rooms, uniq_jessica, uniq_sigmund

Action                   || total
-------------------------++-------
Melee: Flail             ||   148
       Tailslap          ||    20
 Abil: Rolling Charge    ||     2
  Use: Potion            ||     1
Armor: Scale mail        ||    87
Dodge: Dodged            ||    34
Block: Kite shield       ||    71
